Workbook

Sheet 1
B1: Приобретение основных средств (оборудование)
A3: № | B3: Вид материалов, ед. измерения | C3: Кол-во | D3: Цена, руб. | E3: Итого, руб.
A4: п/п
A5: 1. | E5: =C5*D5 -> 0
A6: 2. | E6: =C6*D6 -> 0
A7: 3 | E7: =C7*D7 -> 0
A8: 4 | E8: =C8*D8 -> 0
A9: 5 | E9: =C9*D9 -> 0
A10: 6 | E10: =C10*D10 -> 0
A11: 7 | E11: =C11*D11 -> 0
A12: 8 | E12: =C12*D12 -> 0
A13: 9 | E13: =C13*D13 -> 0
A14: 10 | E14: =C14*D14 -> 0
A15: 11 | E15: =C15*D15 -> 0
A16: 12 | E16: =C16*D16 -> 0
A17: 13 | E17: =C17*D17 -> 0
A18: 14 | E18: =C18*D18 -> 0
... A20: 16 | E20: =C20*D20 -> 0
A21: Итого: | E21: =SUM(E5:E20) -> 0

Sheet 2
B1: Материально-производственные запасы
A3: № | B3: Вид материалов, ед. измерения | C3: Кол-во | D3: Цена, руб. | E3: Итого, руб.
A4: п/п
A5: 1. | E5: =C5*D5 -> 0
A6: 2. | E6: =C6*D6 -> 0
A7: 3 | E7: =C7*D7 -> 0
A8: 4 | E8: =C8*D8 -> 0
A9: 5 | E9: =C9*D9 -> 0
A10: 6 | E10: =C10*D10 -> 0
A11: 7 | E11: =C11*D11 -> 0
A12: 8 | E12: =C12*D12 -> 0
A13: 9 | E13: =C13*D13 -> 0
A14: 10 | E14: =C14*D14 -> 0
A15: 11 | E15: =C15*D15 -> 0
A16: 12 | E16: =C16*D16 -> 0
A17: 13 | E17: =C17*D17 -> 0
A18: 14 | E18: =C18*D18 -> 0
... A20: 16 | E20: =C20*D20 -> 0
A21: Итого: | E21: =SUM(E5:E20) -> 0

Sheet 3
B1: Оплата имущественных обязательств
A3: № | B3: наименование, ед. измерения | C3: Кол-во | D3: Цена, руб. | E3: Итого, руб.
A4: п/п
A5: 1. | E5: =C5*D5 -> 0
A6: 2. | E6: =C6*D6 -> 0
A7: Итого: | E7: =SUM(E5:E6) -> 0

Sheet 4
B1: Получение лицензии на ПО или на обслуживание
A3: № | B3: наименование, ед. измерения | C3: Кол-во | D3: Цена, руб. | E3: Итого, руб.
A4: п/п
A5: 1. | B5: ПО | E5: =C5*D5 -> 0
A6: 2. | E6: =C6*D6 -> 0
A7: Итого: | E7: =SUM(E5:E6) -> 0

Sheet 5
B1: Сводная смета затрат
A3: № п/п | B3: Наименование | C3: Общая стоимость, руб. | D3: Доля в общей стоимости проекта, %
A4: 1. | B4: ='1'!B1 -> Приобретение основных средств (оборудование) | C4: ='1'!E21 -> 0 | D4: =(C4*D8)/C8 -> #DIV/0!
A5: 2. | B5: ='2'!B1 -> Материально-производственные запасы | C5: ='2'!E21 -> 0 | D5: =(C5*D8)/C8 -> #DIV/0!
A6: 3. | B6: ='3'!B1 -> Оплата имущественных обязательств | C6: ='3'!E7 -> 0 | D6: =(C6*D8)/C8 -> #DIV/0!
A7: 4. | B7: ='4'!B1 -> Получение лицензии на ПО или на обслуживание | C7: ='4'!E7 -> 0 | D7: =(C7*D8)/C8 -> #DIV/0!
A8: Итого: | C8: =SUM(C4:C7) -> 0 | D8: 100

Sheet 6
B1: Производственная программа
A3: № | B3: Вид продукции | C3: Ед. изм. | D3: Объем производства по периодам | Q3: Объем производства на следующий год
A4: п/п
D5: 1 мес. | E5: 2 мес. | F5: 3 мес. | G5: 4 мес. | H5: 5 мес. | I5: 6 мес. | J5: 7 мес. | K5: 8 мес. | L5: 9 мес. | M5: 10 мес. | N5: 11 мес. | O5: 12 мес. | P5: Итого
A6: 1. | B6: наименование 1 | C6: шт. | P6: =SUM(D6:O6) -> 0 | Q6: =P6*1.1 -> 0
A7: 2. | B7: наименование 2 | C7: шт. | P7: =SUM(D7:O7) -> 0 | Q7: =P7*1.1 -> 0
A8: 3. | B8: наименование 3 | C8: шт. | P8: =SUM(D8:O8) -> 0 | Q8: =P8*1.1 -> 0
A9: 4. | B9: наименование 4 | C9: шт. | P9: =SUM(D9:O9) -> 0 | Q9: =P9*1.1 -> 0
A10: 5. | B10: наименование 5 | C10: шт. | P10: =SUM(D10:O10) -> 0 | Q10: =P10*1.1 -> 0
A11: 6. | B11: наименование 6 | C11: шт. | P11: =SUM(D11:O11) -> 0 | Q11: =P11*1.1 -> 0
B12: Всего: | C12: шт. | D12: =SUM(D6:D11) -> 0 | E12: =SUM(E6:E11) -> 0 | F12: =SUM(F6:F11) -> 0 | G12: =SUM(G6:G11) -> 0 | H12: =SUM(H6:H11) -> 0 | I12: =SUM(I6:I11) -> 0 | J12: =SUM(J6:J11) -> 0 | K12: =SUM(K6:K11) -> 0 | ... O12: =SUM(O6:O11) -> 0 | P12: =SUM(D12:O12) -> 0 | Q12: =P12*1.1 -> 0

Sheet 7
B1: Расчет фонда заработной платы
A3: № | B3: Наименование категорий работников | C3: Кол-во человек | D3: Зарплата одного работника | E3: Сумма зарплаты, руб. | F3: Начисления в фонды | G3: Всего, руб. | H3: Всего за год, руб. | I3: На следующий год
A4: п/п
A5: 1. | E5: =C5*D5 -> 0 | F5: =E5*0.302 -> 0 | G5: =E5+F5 -> 0 | H5: =G5*12 -> 0 | I5: =H5*1.1 -> 0
A6: 2. | E6: =C6*D6 -> 0 | F6: =E6*0.302 -> 0 | G6: =E6+F6 -> 0 | H6: =G6*12 -> 0 | I6: =H6*1.1 -> 0
A7: 3. | E7: =C7*D7 -> 0 | F7: =E7*0.302 -> 0 | G7: =E7+F7 -> 0 | H7: =G7*12 -> 0 | I7: =H7*1.1 -> 0
A8: 4. | E8: =C8*D8 -> 0 | F8: =E8*0.302 -> 0 | G8: =E8+F8 -> 0 | H8: =G8*12 -> 0 | I8: =H8*1.1 -> 0
A9: 5. | E9: =C9*D9 -> 0 | F9: =E9*0.302 -> 0 | G9: =E9+F9 -> 0 | H9: =G9*12 -> 0 | I9: =H9*1.1 -> 0
A10: 6. | E10: =C10*D10 -> 0 | F10: =E10*0.302 -> 0 | G10: =E10+F10 -> 0 | H10: =G10*12 -> 0 | I10: =H10*1.1 -> 0
A11: Итого: | E11: =SUM(E5:E10) -> 0 | F11: =SUM(F5:F10) -> 0 | G11: =SUM(G5:G10) -> 0 | H11: =SUM(H5:H10) -> 0 | I11: =SUM(I5:I10) -> 0

Sheet 8
B1: Прогнозируемый объем реализации продукции (товаров, услуг)
A3: № | B3: Вид продукции, показатель | C3: Ед. изм. | D3: Величина показателя по периодам
A4: п/п
D5: Первый год | P5: Итого | Q5: Второй год
D6: 1 мес. | E6: 2 мес. | F6: 3 мес. | G6: 4 мес. | H6: 5 мес. | I6: 6 мес. | J6: 7 мес. | K6: 8 мес. | L6: 9 мес. | M6: 10 мес. | N6: 11 мес. | O6: 12 мес.
A7: 1. | B7: ='6'!B6 -> наименование 1 | P7: X
A8: 1.1. | B8: цена за ед. | C8: руб. | P8: X
A9: 1.2. | B9: объем продаж | C9: шт. | D9: ='6'!D6 -> 0 | E9: ='6'!E6 -> 0 | F9: ='6'!F6 -> 0 | G9: ='6'!G6 -> 0 | H9: ='6'!H6 -> 0 | I9: ='6'!I6 -> 0 | J9: ='6'!J6 -> 0 | K9: ='6'!K6 -> 0 | ... O9: ='6'!O6 -> 0
A10: 1.3. | B10: Выручка от реализации | C10: руб. | D10: =D8*D9 -> 0 | E10: =E8*E9 -> 0 | F10: =F8*F9 -> 0 | G10: =G8*G9 -> 0 | H10: =H8*H9 -> 0 | I10: =I8*I9 -> 0 | J10: =J8*J9 -> 0 | K10: =K8*K9 -> 0 | ... O10: =O8*O9 -> 0 | P10: =SUM(D10:O10) -> 0 | Q10: =P10*1.1 -> 0
A11: 2. | B11: ='6'!B7 -> наименование 2 | P11: X
A12: 2.1. | B12: цена за ед. | C12: руб. | P12: X
A13: 2.2. | B13: объем продаж | C13: шт. | D13: ='6'!D7 -> 0 | E13: ='6'!E7 -> 0 | F13: ='6'!F7 -> 0 | G13: ='6'!G7 -> 0 | H13: ='6'!H7 -> 0 | I13: ='6'!I7 -> 0 | J13: ='6'!J7 -> 0 | K13: ='6'!K7 -> 0 | ... O13: ='6'!O7 -> 0
A14: 2.3. | B14: Выручка от реализации | C14: руб. | D14: =D12*D13 -> 0 | E14: =E12*E13 -> 0 | F14: =F12*F13 -> 0 | G14: =G12*G13 -> 0 | H14: =H12*H13 -> 0 | I14: =I12*I13 -> 0 | J14: =J12*J13 -> 0 | K14: =K12*K13 -> 0 | ... O14: =O12*O13 -> 0 | P14: =SUM(D14:O14) -> 0 | Q14: =P14*1.1 -> 0
A15: 3. | B15: ='6'!B8 -> наименование 3 | P15: X
A16: 3.1. | B16: цена за ед. | C16: руб. | P16: X
A17: 3.2. | B17: объем продаж | C17: шт. | D17: ='6'!D8 -> 0 | E17: ='6'!E8 -> 0 | F17: ='6'!F8 -> 0 | G17: ='6'!G8 -> 0 | H17: ='6'!H8 -> 0 | I17: ='6'!I8 -> 0 | J17: ='6'!J8 -> 0 | K17: ='6'!K8 -> 0 | ... O17: ='6'!O8 -> 0
A18: 3.3. | B18: Выручка от реализации | C18: руб. | D18: =D16*D17 -> 0 | E18: =E16*E17 -> 0 | F18: =F16*F17 -> 0 | G18: =G16*G17 -> 0 | H18: =H16*H17 -> 0 | I18: =I16*I17 -> 0 | J18: =J16*J17 -> 0 | K18: =K16*K17 -> 0 | ... O18: =O16*O17 -> 0 | P18: =SUM(D18:O18) -> 0 | Q18: =P18*1.1 -> 0
A19: 4. | B19: ='6'!B9 -> наименование 4 | P19: X
A20: 4.1. | B20: цена за ед. | C20: руб. | P20: X
A21: 4.2. | B21: объем продаж | C21: шт. | D21: ='6'!D9 -> 0 | E21: ='6'!E9 -> 0 | F21: ='6'!F9 -> 0 | G21: ='6'!G9 -> 0 | H21: ='6'!H9 -> 0 | I21: ='6'!I9 -> 0 | J21: ='6'!J9 -> 0 | K21: ='6'!K9 -> 0 | ... O21: ='6'!O9 -> 0
A22: 4.3. | B22: Выручка от реализации | C22: руб. | D22: =D20*D21 -> 0 | E22: =E20*E21 -> 0 | F22: =F20*F21 -> 0 | G22: =G20*G21 -> 0 | H22: =H20*H21 -> 0 | I22: =I20*I21 -> 0 | J22: =J20*J21 -> 0 | K22: =K20*K21 -> 0 | ... O22: =O20*O21 -> 0 | P22: =SUM(D22:O22) -> 0 | Q22: =P22*1.1 -> 0
A23: 5. | B23: ='6'!B10 -> наименование 5 | P23: X
A24: 5.1. | B24: цена за ед. | C24: руб. | P24: X
A25: 5.2. | B25: объем продаж | C25: шт. | D25: ='6'!D10 -> 0 | E25: ='6'!E10 -> 0 | F25: ='6'!F10 -> 0 | G25: ='6'!G10 -> 0 | H25: ='6'!H10 -> 0 | I25: ='6'!I10 -> 0 | J25: ='6'!J10 -> 0 | K25: ='6'!K10 -> 0 | ... O25: ='6'!O10 -> 0
A26: 5.3. | B26: Выручка от реализации | C26: руб. | D26: =D24*D25 -> 0 | E26: =E24*E25 -> 0 | F26: =F24*F25 -> 0 | G26: =G24*G25 -> 0 | H26: =H24*H25 -> 0 | I26: =I24*I25 -> 0 | J26: =J24*J25 -> 0 | K26: =K24*K25 -> 0 | ... O26: =O24*O25 -> 0 | P26: =SUM(D26:O26) -> 0 | Q26: =P26*1.1 -> 0
A27: 6. | B27: ='6'!B11 -> наименование 6 | P27: X
A28: 6.1. | B28: цена за ед. | C28: руб. | P28: X
A29: 6.2. | B29: объем продаж | C29: шт. | D29: ='6'!D11 -> 0 | E29: ='6'!E11 -> 0 | F29: ='6'!F11 -> 0 | G29: ='6'!G11 -> 0 | H29: ='6'!H11 -> 0 | I29: ='6'!I11 -> 0 | J29: ='6'!J11 -> 0 | K29: ='6'!K11 -> 0 | ... O29: ='6'!O11 -> 0
A30: 6.3. | B30: Выручка от реализации | C30: руб. | D30: =D28*D29 -> 0 | E30: =E28*E29 -> 0 | F30: =F28*F29 -> 0 | G30: =G28*G29 -> 0 | H30: =H28*H29 -> 0 | I30: =I28*I29 -> 0 | J30: =J28*J29 -> 0 | K30: =K28*K29 -> 0 | ... O30: =O28*O29 -> 0 | P30: =SUM(D30:O30) -> 0
A31: Выручка от реализации товаров, услуг: | D31: =D10+D14+D18+D22+D26+D30 -> 0 | E31: =E10+E14+E18+E22+E26+E30 -> 0 | F31: =F10+F14+F18+F22+F26+F30 -> 0 | G31: =G10+G14+G18+G22+G26+G30 -> 0 | H31: =H10+H14+H18+H22+H26+H30 -> 0 | I31: =I10+I14+I18+I22+I26+I30 -> 0 | J31: =J10+J14+J18+J22+J26+J30 -> 0 | K31: =K10+K14+K18+K22+K26+K30 -> 0 | ... O31: =O10+O14+O18+O22+O26+O30 -> 0 | P31: =SUM(D31:O31) -> 0 | Q31: =P31*1.1 -> 0

Sheet 9
B1: Расчет прибыли
A3: № п/п | B3: Показатели | C3: 1 месяц, руб. | D3: 2 месяц, руб. | E3: 3 месяц, руб. | F3: 4 месяц, руб. | G3: 5 месяц, руб. | H3: 6 месяц, руб. | I3: 7 месяц, руб. | J3: 8 месяц, руб. | K3: 9 месяц, руб. | L3: 10 месяц, руб. | M3: 11 месяц, руб. | N3: 12 месяц, руб. | O3: Итого за год, руб. | P3: Следующий год, руб.
A4: 1. | B4: Выручка от реализации товаров, услуг | C4: ='8'!D31 -> 0 | D4: ='8'!E31 -> 0 | E4: ='8'!F31 -> 0 | F4: ='8'!G31 -> 0 | G4: ='8'!H31 -> 0 | H4: ='8'!I31 -> 0 | I4: ='8'!J31 -> 0 | J4: ='8'!K31 -> 0 | ... N4: ='8'!O31 -> 0 | O4: =SUM(C4:N4) -> 0 | P4: ='8'!Q31 -> 0
A5: 2. | B5: Расходы, в т.ч.: | O5: =SUM(C5:N5) -> 0
A6: 2.1. | B6: Транспортно- заготовительные расходы | C6: 0 | D6: 0 | E6: 0 | F6: 0 | G6: 0 | H6: 0 | I6: 0 | J6: 0 | K6: 0 | L6: 0 | M6: 0 | N6: 0 | O6: =SUM(C6:N6) -> 0 | P6: =O6*1.1 -> 0
A7: 2.2. | B7: Заработная плата | C7: 0 | D7: 0 | E7: 0 | F7: 0 | G7: 0 | H7: 0 | I7: 0 | J7: 0 | K7: 0 | L7: 0 | M7: 0 | N7: 0 | O7: =SUM(C7:N7) -> 0 | P7: =O7*1.1 -> 0
A8: 2.3. | B8: Арендная плата | C8: 0 | D8: 0 | E8: 0 | F8: 0 | G8: 0 | H8: 0 | I8: 0 | J8: 0 | K8: 0 | L8: 0 | M8: 0 | N8: 0 | O8: =SUM(C8:N8) -> 0 | P8: =O8*1.1 -> 0
A9: 2.4. | B9: Расход на оплату коммунальных услуг | C9: 0 | D9: 0 | E9: 0 | F9: 0 | G9: 0 | H9: 0 | I9: 0 | J9: 0 | K9: 0 | L9: 0 | M9: 0 | N9: 0 | O9: =SUM(C9:N9) -> 0 | P9: =O9*1.1 -> 0
A10: 2.5. | B10: Оплата за интернет, связь | C10: 0 | D10: 0 | E10: 0 | F10: 0 | G10: 0 | H10: 0 | I10: 0 | J10: 0 | K10: 0 | L10: 0 | M10: 0 | N10: 0 | O10: =SUM(C10:N10) -> 0 | P10: =O10*1.1 -> 0
A11: 2.6. | B11: Реклама | C11: 0 | D11: 0 | E11: 0 | F11: 0 | G11: 0 | H11: 0 | I11: 0 | J11: 0 | K11: 0 | L11: 0 | M11: 0 | N11: 0 | O11: =SUM(C11:N11) -> 0 | P11: =O11*1.1 -> 0
A12: 2.7. | B12: Канцелярские товары | C12: 0 | D12: 0 | E12: 0 | F12: 0 | G12: 0 | H12: 0 | I12: 0 | J12: 0 | K12: 0 | L12: 0 | M12: 0 | N12: 0 | O12: =SUM(C12:N12) -> 0 | P12: =O12*1.1 -> 0
A13: 2.8. | B13: Расходы на сырье, товары, | C13: 0 | D13: 0 | E13: 0 | F13: 0 | G13: 0 | H13: 0 | I13: 0 | J13: 0 | K13: 0 | L13: 0 | M13: 0 | N13: 0 | O13: =SUM(C13:N13) -> 0 | P13: =O13*1.1 -> 0
A14: 2.9. | B14: Отчисления за ИП | C14: 0 | D14: 0 | E14: 0 | F14: 0 | G14: 0 | H14: 0 | I14: 0 | J14: 0 | K14: 0 | L14: 0 | M14: 0 | N14: 0 | O14: =SUM(C14:N14) -> 0 | P14: =O14*1.1 -> 0
A15: 2.10. | B15: Прочие расходы (ТО иР) | C15: 0 | D15: 0 | E15: 0 | F15: 0 | G15: 0 | H15: 0 | I15: 0 | J15: 0 | K15: 0 | L15: 0 | M15: 0 | N15: 0 | O15: =SUM(C15:N15) -> 0 | P15: =O15*1.1 -> 0
A16: 2.11. | B16: Непредвиденные расходы | C16: 0 | D16: 0 | E16: 0 | F16: 0 | G16: 0 | H16: 0 | I16: 0 | J16: 0 | K16: 0 | L16: 0 | M16: 0 | N16: 0 | O16: =SUM(C16:N16) -> 0 | P16: =O16*1.1 -> 0
A17: Всего расходов | C17: =SUM(C6:C16) -> 0 | D17: =SUM(D6:D16) -> 0 | E17: =SUM(E6:E16) -> 0 | F17: =SUM(F6:F16) -> 0 | G17: =SUM(G6:G16) -> 0 | H17: =SUM(H6:H16) -> 0 | I17: =SUM(I6:I16) -> 0 | J17: =SUM(J6:J16) -> 0 | ... N17: =SUM(N6:N16) -> 0 | O17: =SUM(C17:N17) -> 0 | P17: =SUM(P6:P16) -> 0
A18: 3. | B18: Налог | C18: =C4*0.04 -> 0 | D18: =D4*0.04 -> 0 | E18: =E4*0.04 -> 0 | F18: =F4*0.04 -> 0 | G18: =G4*0.04 -> 0 | H18: =H4*0.04 -> 0 | I18: =I4*0.04 -> 0 | J18: =J4*0.04 -> 0 | ... N18: =N4*0.04 -> 0 | O18: =SUM(C18:N18) -> 0 | P18: =SUM(D18:O18) -> 0
A19: 4. | B19: Чистая прибыль | C19: =C4-(C17+C18) -> 0 | D19: =D4-(D17+D18) -> 0 | E19: =E4-(E17+E18) -> 0 | F19: =F4-(F17+F18) -> 0 | G19: =G4-(G17+G18) -> 0 | H19: =H4-(H17+H18) -> 0 | I19: =I4-(I17+I18) -> 0 | J19: =J4-(J17+J18) -> 0 | ... P19: =P4-(P17+P18) -> 0

Sheet 10
B1: Расчет рентабельности
A3: № п/п | B3: Показатели | C3: 1 месяц | D3: 2 месяц | E3: 3 месяц | F3: 4 месяц | G3: 5 месяц | H3: 6 месяц | I3: 7 месяц | J3: 8 месяц | K3: 9 месяц | L3: 10 месяц | M3: 11 месяц | N3: 12 месяц | O3: Год
A4: 1. | B4: Доход от реализации продукции, товаров, работ, услуг, руб. | C4: ='9'!C4 -> 0 | D4: ='9'!D4 -> 0 | E4: ='9'!E4 -> 0 | F4: ='9'!F4 -> 0 | G4: ='9'!G4 -> 0 | H4: ='9'!H4 -> 0 | I4: ='9'!I4 -> 0 | J4: ='9'!J4 -> 0 | ... N4: ='9'!N4 -> 0 | O4: =SUM(C4:N4) -> 0
A5: 2. | B5: Чистая прибыль, руб. | C5: ='9'!C19 -> 0 | D5: ='9'!D19 -> 0 | E5: ='9'!E19 -> 0 | F5: ='9'!F19 -> 0 | G5: ='9'!G19 -> 0 | H5: ='9'!H19 -> 0 | I5: ='9'!I19 -> 0 | J5: ='9'!J19 -> 0 | ... N5: ='9'!N19 -> 0 | O5: =SUM(C5:N5) -> 0
A6: 3. | B6: Уровень рентабельности, % | C6: =C5/C4*100 -> #DIV/0! | D6: =D5/D4*100 -> #DIV/0! | E6: =E5/E4*100 -> #DIV/0! | F6: =F5/F4*100 -> #DIV/0! | G6: =G5/G4*100 -> #DIV/0! | H6: =H5/H4*100 -> #DIV/0! | I6: =I5/I4*100 -> #DIV/0! | J6: =J5/J4*100 -> #DIV/0! | ... O6: =O5/O4*100 -> #DIV/0!

Sheet 11
B1: Источники финансирования
A3: № п/п | B3: Наименование источника | C3: Сумма, руб.
A4: 1. | B4: Собственные средства
A5: 2. | B5: Финансовая помощь | C5: ='5'!C8 -> 0
A6: Итого: | C6: =C4+C5 -> 0

Sheet 12
B2: Баланс денежных расходов и поступлений
A4: № п/п | B4: Наименование статьи | C4: Величина показателя по периодам
C5: …..год
C6: 1 | D6: 2 | E6: 3 | F6: 4 | G6: 5 | H6: 6 | I6: 7 | J6: 8 | K6: 9 | L6: 10 | M6: 11 | N6: 12 | O6: Итого | P6: Следующий год
A7: 1. | B7: Денежные средства в наличии на начало периода | C7: 0
A8: 2. | B8: ДОХОДЫ:
A9: 2.1. | B9: В т.ч. выручка от реализации продукции, товаров | C9: ='9'!C4 -> 0 | D9: ='9'!D4 -> 0 | E9: ='9'!E4 -> 0 | F9: ='9'!F4 -> 0 | G9: ='9'!G4 -> 0 | H9: ='9'!H4 -> 0 | I9: ='9'!I4 -> 0 | J9: ='9'!J4 -> 0 | ... N9: ='9'!N4 -> 0 | O9: =SUM(C9:N9) -> 0 | P9: ='9'!P4 -> 0
A10: 2.2. | B10: Финансовая помощь | C10: ='11'!C5 -> 0 | D10: 0 | E10: 0 | F10: 0 | G10: 0 | H10: 0 | I10: 0 | J10: 0 | K10: 0 | L10: 0 | M10: 0 | N10: 0 | O10: =SUM(C10:N10) -> 0 | P10: 0
A11: 2.3. | B11: Собственный капитал | C11: ='11'!C4 -> 0 | D11: 0 | E11: 0 | F11: 0 | G11: 0 | H11: 0 | I11: 0 | J11: 0 | K11: 0 | L11: 0 | M11: 0 | N11: 0 | O11: =SUM(C11:N11) -> 0 | P11: 0
B12: ДОХОДЫ ВСЕГО: | C12: =SUM(C9:C11) -> 0 | D12: =SUM(D9:D11) -> 0 | E12: =SUM(E9:E11) -> 0 | F12: =SUM(F9:F11) -> 0 | G12: =SUM(G9:G11) -> 0 | H12: =SUM(H9:H11) -> 0 | I12: =SUM(I9:I11) -> 0 | J12: =SUM(J9:J11) -> 0 | ... P12: =SUM(P9:P11) -> 0
A13: 3. | B13: РАСХОДЫ:
A14: 3.1. | B14: ='5'!B4 -> Приобретение основных средств (оборудование) | C14: ='5'!C4 -> 0 | D14: 0 | E14: 0 | F14: 0 | G14: 0 | H14: 0 | I14: 0 | J14: 0 | K14: 0 | L14: 0 | M14: 0 | N14: 0 | O14: =SUM(C14:N14) -> 0 | P14: 0
A15: 3.2. | B15: ='5'!B5 -> Материально-производственные запасы | C15: ='5'!C5 -> 0 | D15: 0 | E15: 0 | F15: 0 | G15: 0 | H15: 0 | I15: 0 | J15: 0 | K15: 0 | L15: 0 | M15: 0 | N15: 0 | O15: =SUM(C15:N15) -> 0 | P15: 0
A16: 3.3. | B16: ='5'!B6 -> Оплата имущественных обязательств | C16: ='5'!C6 -> 0 | D16: 0 | E16: 0 | F16: 0 | G16: 0 | H16: 0 | I16: 0 | J16: 0 | K16: 0 | L16: 0 | M16: 0 | N16: 0 | O16: =SUM(C16:N16) -> 0 | P16: 0
A17: 3.4. | B17: ='5'!B7 -> Получение лицензии на ПО или на обслуживание | C17: ='5'!C7 -> 0 | D17: 0 | E17: 0 | F17: 0 | G17: 0 | H17: 0 | I17: 0 | J17: 0 | K17: 0 | L17: 0 | M17: 0 | N17: 0 | O17: =SUM(C17:N17) -> 0 | P17: ='9'!P6 -> 0
A18: 3.5. | B18: ='9'!B6 -> Транспортно- заготовительные расходы | C18: ='9'!C6 -> 0 | D18: ='9'!D6 -> 0 | E18: ='9'!E6 -> 0 | F18: ='9'!F6 -> 0 | G18: ='9'!G6 -> 0 | H18: ='9'!H6 -> 0 | I18: ='9'!I6 -> 0 | ... N18: ='9'!N6 -> 0 | O18: =SUM(C18:N18) -> 0 | P18: ='9'!P7 -> 0
A19: 3.6. | B19: ='9'!B7 -> Заработная плата | C19: ='9'!C7 -> 0 | D19: ='9'!D7 -> 0 | E19: ='9'!E7 -> 0 | F19: ='9'!F7 -> 0 | G19: ='9'!G7 -> 0 | H19: ='9'!H7 -> 0 | I19: ='9'!I7 -> 0 | ... N19: ='9'!N7 -> 0 | O19: =SUM(C19:N19) -> 0 | P19: ='9'!P7 -> 0
A20: 3.7. | B20: ='9'!B8 -> Арендная плата | C20: ='9'!C8 -> 0 | D20: ='9'!D8 -> 0 | E20: ='9'!E8 -> 0 | F20: ='9'!F8 -> 0 | G20: ='9'!G8 -> 0 | H20: ='9'!H8 -> 0 | I20: ='9'!I8 -> 0 | ... N20: ='9'!N8 -> 0 | O20: =SUM(C20:N20) -> 0 | P20: ='9'!P8 -> 0
A21: 3.8. | B21: ='9'!B9 -> Расход на оплату коммунальных услуг | C21: ='9'!C9 -> 0 | D21: ='9'!D9 -> 0 | E21: ='9'!E9 -> 0 | F21: ='9'!F9 -> 0 | G21: ='9'!G9 -> 0 | H21: ='9'!H9 -> 0 | I21: ='9'!I9 -> 0 | ... N21: ='9'!N9 -> 0 | O21: =SUM(C21:N21) -> 0 | P21: ='9'!P9 -> 0
A22: 3.9. | B22: ='9'!B10 -> Оплата за интернет, связь | C22: ='9'!C10 -> 0 | D22: ='9'!D10 -> 0 | E22: ='9'!E10 -> 0 | F22: ='9'!F10 -> 0 | G22: ='9'!G10 -> 0 | H22: ='9'!H10 -> 0 | I22: ='9'!I10 -> 0 | ... N22: ='9'!N10 -> 0 | O22: =SUM(C22:N22) -> 0 | P22: ='9'!P10 -> 0
A23: 3.10 | B23: ='9'!B11 -> Реклама | C23: ='9'!C11 -> 0 | D23: ='9'!D11 -> 0 | E23: ='9'!E11 -> 0 | F23: ='9'!F11 -> 0 | G23: ='9'!G11 -> 0 | H23: ='9'!H11 -> 0 | I23: ='9'!I11 -> 0 | ... N23: ='9'!N11 -> 0 | O23: =SUM(C23:N23) -> 0 | P23: ='9'!P11 -> 0
A24: 3.11. | B24: ='9'!B12 -> Канцелярские товары | C24: ='9'!C12 -> 0 | D24: ='9'!D12 -> 0 | E24: ='9'!E12 -> 0 | F24: ='9'!F12 -> 0 | G24: ='9'!G12 -> 0 | H24: ='9'!H12 -> 0 | I24: ='9'!I12 -> 0 | ... N24: ='9'!N12 -> 0 | O24: =SUM(C24:N24) -> 0 | P24: ='9'!P12 -> 0
A25: 3.12. | B25: ='9'!B13 -> Расходы на сырье, товары, | C25: ='9'!C13 -> 0 | D25: ='9'!D13 -> 0 | E25: ='9'!E13 -> 0 | F25: ='9'!F13 -> 0 | G25: ='9'!G13 -> 0 | H25: ='9'!H13 -> 0 | I25: ='9'!I13 -> 0 | ... N25: ='9'!N13 -> 0 | O25: =SUM(C25:N25) -> 0 | P25: ='9'!P13 -> 0
A26: 3.13. | B26: ='9'!B14 -> Отчисления за ИП | C26: ='9'!C14 -> 0 | D26: ='9'!D14 -> 0 | E26: ='9'!E14 -> 0 | F26: ='9'!F14 -> 0 | G26: ='9'!G14 -> 0 | H26: ='9'!H14 -> 0 | I26: ='9'!I14 -> 0 | ... N26: ='9'!N14 -> 0 | O26: =SUM(C26:N26) -> 0 | P26: ='9'!P14 -> 0
A27: 3.14. | B27: ='9'!B15 -> Прочие расходы (ТО иР) | C27: ='9'!C15 -> 0 | D27: ='9'!D15 -> 0 | E27: ='9'!E15 -> 0 | F27: ='9'!F15 -> 0 | G27: ='9'!G15 -> 0 | H27: ='9'!H15 -> 0 | I27: ='9'!I15 -> 0 | ... N27: ='9'!N15 -> 0 | O27: =SUM(C27:N27) -> 0 | P27: ='9'!P15 -> 0
A28: 3.15 | B28: ='9'!B16 -> Непредвиденные расходы | C28: ='9'!C16 -> 0 | D28: ='9'!D16 -> 0 | E28: ='9'!E16 -> 0 | F28: ='9'!F16 -> 0 | G28: ='9'!G16 -> 0 | H28: ='9'!H16 -> 0 | I28: ='9'!I16 -> 0 | ... N28: ='9'!N16 -> 0 | O28: =SUM(C28:N28) -> 0 | P28: ='9'!P16 -> 0
A29: 3.16. | B29: Налог с деятельности | C29: ='9'!C18 -> 0 | D29: ='9'!D18 -> 0 | E29: ='9'!E18 -> 0 | F29: ='9'!F18 -> 0 | G29: ='9'!G18 -> 0 | H29: ='9'!H18 -> 0 | I29: ='9'!I18 -> 0 | J29: ='9'!J18 -> 0 | ... P29: ='9'!P18 -> 0
A30: 3.17 | B30: РАСХОДЫ ВСЕГО: | C30: =SUM(C14:C29) -> 0 | D30: =SUM(D14:D29) -> 0 | E30: =SUM(E14:E29) -> 0 | F30: =SUM(F14:F29) -> 0 | G30: =SUM(G14:G29) -> 0 | H30: =SUM(H14:H29) -> 0 | I30: =SUM(I14:I29) -> 0 | J30: =SUM(J14:J29) -> 0 | ... N30: =SUM(N14:N29) -> 0 | O30: =SUM(C30:N30) -> 0 | P30: =SUM(P14:P29) -> 0
B31: Средства на личное потребление ИП
A32: 4. | B32: Денежные средства в наличии на конец периода | C32: =C7+C12-C30 -> 0 | D32: =D7+D12-D30 -> 0 | E32: =E7+E12-E30 -> 0 | F32: =F7+F12-F30 -> 0 | G32: =G7+G12-G30 -> 0 | H32: =H7+H12-H30 -> 0 | I32: =I7+I12-I30 -> 0 | J32: =J7+J12-J30 -> 0 | ... N32: =N7+N12-N30 -> 0 | O32: =C7+O12-O30 -> 0 | P32: =O32+P12-P30 -> 0
